 Dungeon Crawl Stone Soup version 0.21.1-1-g345015f (webtiles) character file.

1888 inc the Basher (level 9, 0/56 HPs)
             Began as an Octopode Fighter on June 12, 2018.
             Slain by Grinder (8 damage)
             ... while paralysed by Grinder
             ... on level 6 of the Dungeon.
             The game lasted 00:08:50 (5154 turns).

inc the Basher (Octopode Fighter)                   Turns: 5154, Time: 00:08:50

Health: 0/56       AC:  1    Str: 15    XL:     9   Next: 15%
Magic:  9/9        EV:  2    Int: 11    God:
Gold:   217        SH:  0    Dex: 14    Spells: 8/8 levels left

rFire    . . .     SeeInvis .   r - +1 whip (flame)
rCold    . . .     Gourm    .   b - +3 shield
rNeg     . . .     Faith    .   (helmet restricted)
rPois    .         Spirit   .   c - +6 amulet of reflection
rElec    .         Reflect  +   (no ring)
rCorr    .         Harm     .   (no ring)
MR       .....                  (no ring)
Stlth    ++........             (no ring)
HPRegen  0.18/turn              (no ring)
MPRegen  0.11/turn              (no ring)
                                (no ring)
                                (no ring)

@: paralysed
A: almost no armour, stealthy swim, amphibious, 8 rings, constrict 8, camouflage
1, gelatinous body 1
a: no special abilities


You were on level 6 of the Dungeon.
You were not hungry.

You visited 1 branch of the dungeon, and saw 6 of its levels.

You collected 217 gold pieces.

Inventory:

Hand Weapons
 a - a +0 flail
 r - a +1 whip of flaming (weapon)
Armour
 b - a +3 shield (worn)
Jewellery
 c - a +6 amulet of reflection (around mantle)
 m - an uncursed ring of teleportation
 x - an uncursed ring of stealth {unknown}
Wands
 h - a wand of digging (16)
 s - a wand of flame (20)
 v - a wand of acid (6)
Scrolls
 n - a scroll of teleportation
 o - 2 scrolls of immolation
 q - a scroll of enchant weapon
 u - a scroll of blinking
Potions
 e - a potion of heal wounds
 f - a potion of invisibility
 g - a potion of degeneration
 j - 2 potions of curing
 k - a potion of agility
 l - a potion of haste
 p - a potion of berserk rage {unknown}
 t - a potion of lignification {unknown}
 w - a potion of ambrosia {unknown}
Books
 i - a book of Callings

   Spells                             Type                      Level
   a - Summon Small Mammal            Summoning                    1
   b - Call Imp                       Summoning                    2
   c - Call Canine Familiar           Summoning                    3
   d - Summon Guardian Golem          Hexes/Summoning              3
   e - Summon Lightning Spire         Summoning/Air                4
   f - Summon Ice Beast               Ice/Summoning                4
Comestibles
 d - 9 rations


   Skills:
 - Level 3.0 Fighting
 + Level 11.5 Maces & Flails
 - Level 3.0 Dodging
 - Level 3.0 Shields


You had 8 spell levels left.
You didn't know any spells.

Dungeon Overview and Level Annotations

Branches:
Dungeon (6/15)
 Temple: D:4-7

Altars:
Cheibriados
Kikubaaqudgha
Nemelex Xobeh
Okawaru
Yredelemnul

Annotations:
D:6 Grinder


Innate Abilities, Weirdness & Mutations

You cannot wear most types of armour.
You are very stealthy in the water. (Stealth+)
You are amphibious.
You can wear up to eight rings at the same time.
You can use your tentacles to constrict eight enemies at once.
Your skin changes colour to match your surroundings (Stealth+).
Your rubbery body absorbs attacks. (AC +1, EV +1)


Message History

The bullfrog is heavily wounded.
You constrict the bullfrog. You block the bullfrog's attack.
Grinder gestures at you.
You suddenly lose the ability to move!
You lose your grip on the bullfrog.
The bullfrog hits you. The bullfrog hits you! The bullfrog hits you.
Grinder hits you. The bullfrog hits you. Grinder hits you.
The bullfrog hits you.
* * * LOW HITPOINT WARNING * * *
The bullfrog hits you.
* * * LOW HITPOINT WARNING * * *
Grinder hits you.
* * * LOW HITPOINT WARNING * * *
The bullfrog barely misses you. Grinder hits you.
* * * LOW HITPOINT WARNING * * *
The bullfrog hits you.
* * * LOW HITPOINT WARNING * * *
The bullfrog barely misses you.
Grinder says, "My boss said I was rubbish.
His entrails said otherwise."
Grinder hits you!
You die...

#..............§.###
########
#..............§...#
.......##
#............§.§..##
........##
#....##......§§§.##
....^.^..# ###..#
#......§<§##
...^^....###....#
###########
.....^....#..#.$##
..^.........###5.#
^..^..^..(### #.@#
..^..^^...# ##.F#
(.^.......# ##.#
...^......# ..
..^.....### ...
.......## ....
......## ...!.
...^### #.>...##.
#### ##..#


You could see Grinder and a bullfrog.

Vanquished Creatures
  Pikel (D:5)
  The ghost of inc the Cudgeler, an amateur OpFi (D:5)
  A water moccasin (D:5)
  2 slaves (D:4)
  2 ogres
  A centaur (D:6)
  A bullfrog (D:6)
  A scorpion (D:4)
  A howler monkey (D:4)
  2 crimson imps
  A bullfrog zombie (D:5)
  3 orc wizards
  4 orc priests
  2 iguanas
  2 worker ants (D:6)
  2 worker ant zombies (D:5)
  8 gnolls
  2 river rats (D:3)
  9 adders
  An ooze (D:1)
  An adder zombie (D:5)
  An adder skeleton (D:6)
  4 worms
  3 dart slugs
  2 leopard geckos
  15 orcs
  6 giant cockroaches
  7 goblins
  5 hobgoblins
  8 kobolds
  A quokka (D:6)
  2 ball pythons
  7 bats
  2 frilled lizards
  9 rats
120 creatures vanquished.

Vanquished Creatures (others)
  A slave (D:5)
  A crimson imp (D:5)
  A giant cockroach (D:5)
  A quokka (D:5)
4 creatures vanquished.

Grand Total: 124 creatures vanquished

Notes
Turn   | Place    | Note
-------+----------+-------------------------------------------
     0 | D:1      | inc the Octopode Fighter began the quest for the Orb.
     0 | D:1      | Reached XP level 1. HP: 16/16 MP: 1/1
    19 | D:1      | Reached XP level 2. HP: 13/21 MP: 2/2
   236 | D:1      | Reached skill level 3 in Maces & Flails
   371 | D:1      | Reached XP level 3. HP: 23/26 MP: 3/3
   673 | D:2      | Found a snail-covered altar of Cheibriados.
   676 | D:2      | Found a basalt altar of Yredelemnul.
   732 | D:2      | Reached skill level 4 in Maces & Flails
   757 | D:2      | Reached XP level 4. HP: 26/31 MP: 4/4
  1490 | D:3      | Reached skill level 5 in Maces & Flails
  1597 | D:3      | Reached XP level 5. HP: 26/36 MP: 5/5
  2117 | D:3      | Reached skill level 6 in Maces & Flails
  2119 | D:3      | Reached XP level 6. HP: 28/42 MP: 6/6
  2541 | D:3      | Found a sparkling altar of Nemelex Xobeh.
  2744 | D:5      | Entered Level 5 of the Dungeon
  2744 | D:5      | Noticed Pikel
  2744 | D:5      | Noticed a slave
  2744 | D:5      | Noticed a slave
  2744 | D:5      | Noticed a slave
  2744 | D:5      | Noticed a slave
  2755 | D:4      | Killed a slave
  2760 | D:4      | Killed a slave
  2964 | D:4      | Noticed a phantom
  3111 | D:5      | Killed Pikel
  3111 | D:5      | Reached skill level 9 in Maces & Flails
  3111 | D:5      | Reached XP level 7. HP: 23/46 MP: 7/7
  3111 | D:5      | Reached XP level 8. HP: 27/52 MP: 8/8
  3203 | D:5      | Found an iron altar of Okawaru.
  3953 | D:5      | Reached skill level 10 in Maces & Flails
  4027 | D:5      | Noticed inc's ghost (amateur OpFi)
  4047 | D:5      | Killed inc's ghost
  4163 | D:5      | Found an ancient bone altar of Kikubaaqudgha.
  4324 | D:5      | Reached skill level 11 in Maces & Flails
  4468 | D:6      | Reached XP level 9. HP: 30/56 MP: 9/9
  5143 | D:6      | Noticed Grinder
  5148 | D:6      | Paralysed by Grinder for 7 turns
  5154 | D:6      | Slain by Grinder

Skill      XL: |  1  2  3  4  5  6  7  8 |
---------------+-------------------------+-----
Maces & Flails | 3 4 5 6 9 11 | 11.5
Fighting       | |  3.0
Dodging        | |  3.0
Shields        | |  3.0

Action                   |  1- 3 |  4- 6 |  7- 9 || total
-------------------------+-------+-------+-------++-------
Melee: Flail             |    57 |   110 |     4 ||   171
       Constrict         |    22 |    35 |    28 ||    85
       Tentacles         |    13 |    32 |    37 ||    82
       Whip              |       |       |   109 ||   109
  Use: Scroll            |     6 |     6 |     5 ||    17
       Potion            |       |       |     1 ||     1
 Stab: Sleeping          |     3 |     6 |     3 ||    12
       Distracted        |       |     1 |       ||     1
  Eat: Chunk             |       |     7 |     3 ||    10
       Ration            |       |       |     1 ||     1
Armor: Skin              |     2 |     6 |       ||     8
Dodge: Dodged            |    22 |    33 |    28 ||    83
Block: Shield            |    29 |    51 |    57 ||   137
       Reflection        |       |       |     8 ||     8
